 Dungeon Crawl Stone Soup version 0.32-a0-616-g9348d4545b (webtiles) character file.

Game seed: 14144990869211935335

401 Schmookums the Ruffian (level 6, -7/59 HPs)
             Began as a Troll Gladiator on Mar 5, 2024.
             Mangled by Edmund
             ... wielding a +5 dire flail of protection
              (12 damage)
             ... on level 5 of the Dungeon.
             The game lasted 00:28:21 (3094 turns).

Schmookums the Ruffian (Troll Gladiator)            Turns: 3094, Time: 00:28:22

Health: -7/59      AC:  4    Str: 25    XL:     6   Next: 54%
Magic:  5/5        EV: 10    Int:  4    God:
Gold:   150        SH:  0    Dex: 11    Spells: 5/5 levels left

rFire   . .          .
                       - Unarmed
rCold   . . .        (no shield)
rNeg    . . .        a - +0 robe
rPois   .            b - +0 hat
rElec   .            (no cloak)
rCorr   .            (gloves unavailable)
SInv    .            (boots unavailable)
Will    .....        (no amulet)
Stlth   +            (no ring)
HPRegen 1.09/turn    (no ring)
MPRegen 0.09/turn

%: no passive effects
@: no status effects
A: large, unfitting armour, claws 3, regeneration 1, shaggy fur 1, tough skin 1
a: no special abilities


You were on level 5 of the Dungeon.
You visited 1 branch of the dungeon, and saw 5 of its levels.

You collected 150 gold pieces.

Inventory:

Hand Weapons
 g - a +0 dagger
Armour
 a - a +0 robe (worn)
 b - a +0 hat (worn)
 k - a +0 robe
Jewellery
 m - a ring of wizardry
 o - a +6 ring of dexterity
Talismans
 c - a granite talisman
Scrolls
 l - 2 scrolls of enchant weapon
 n - 2 scrolls of identify
Potions
 d - 2 potions of mutation
 e - a potion of brilliance
 f - a potion of attraction {unknown}
 h - a potion of ambrosia
 j - a potion of curing {unknown}
 p - a potion of heal wounds {unknown}


   Skills:
 + Level 2.7 Fighting
 * Level 3.9 Throwing
 + Level 3.3 Dodging
 * Level 4.9 Unarmed Combat


You had 5 spell levels left.
You didn't know any spells.
Your spell library contained the following spells:

 Spells                   Type           Power      Damage    Failure   Level
 Apportation              Tloc           0%         N/A       50%         1
 Ensorcelled Hibernation  Hex/Ice        0%         N/A       65%         2
 Jinxbite                 Hex            0%         N/A       65%         2
 Scorch                   Fire           0%         2d5       65%         2
 Passwall                 Erth           0%         N/A       86%         3
 Swiftness                Air            0%         N/A       86%         3
 Flame Wave               Conj/Fire      0%         2d4       99%         4
 Alistair's Intoxication  Alch           0%         N/A       100%        5
 Summon Cactus Giant      Summ           0%         N/A       100%        6


Dungeon Overview and Level Annotations

Branches:
Dungeon (5/15)             Temple (0/1) D:4

Altars:
Elyvilon
Kikubaaqudgha

Shops:
D:3 (

Annotations:
D:5 Edmund


Innate Abilities, Weirdness & Mutations

You are too large for most types of armour.
You have claws for hands.
Your natural rate of healing is unusually fast.
You are covered in fur. (AC +1)
You have tough skin. (AC +1)


Message History

Edmund shouts!
Edmund attacks as he pursues you! Edmund closely misses you.
You barely miss Edmund. Edmund completely misses you.
You scratch Edmund.
Edmund is lightly wounded.
Edmund hits you with a +5 dire flail of protection!
You scratch Edmund.
Edmund is lightly wounded.
Edmund closely misses you.
You claw Edmund!
Edmund is moderately wounded.
Edmund hits you with a +5 dire flail of protection.
You barely miss Edmund.
Edmund is moderately wounded.
Edmund hits you with a +5 dire flail of protection!
You scratch Edmund but do no damage.
Edmund is moderately wounded.
Edmund hits you with a +5 dire flail of protection!
You scratch Edmund.
Edmund is heavily wounded.
Edmund barely misses you.
You claw Edmund!
Edmund is severely wounded.
You scratch Edmund.
Edmund is almost dead.
Edmund hits you with a +5 dire flail of protection!
Okay, then.
Okay, then.
You barely miss Edmund.
Edmund is almost dead.
Edmund hits you with a +5 dire flail of protection!!
* * * LOW HITPOINT WARNING * * *
You scratch Edmund but do no damage.
Edmund is almost dead.
Edmund barely misses you.
You scratch Edmund but do no damage.
Edmund is almost dead.
Edmund hits you with a +5 dire flail of protection!
You die...
Edmund says, "That'll show my brother!"

#.# ##..# # #.#.#######
.#..#.## #.#.(......
.#..#.. #.#........ ......
#.#........
.#..##########.#........
.#.............#........
...............@@.......
...############.(####+##
.#...............#
<#.###########...# .#.# ##
#...# # .#.#
.#######...####.# ..)+
...#.............# ##.#
...#.####......####.......#
#.#.........#....#.#
#.......#


You could see Edmund.

Vanquished Creatures
  A black bear (D:5)
  An ogre (D:2)
  A bombardier beetle (D:4)
  2 hounds
  A sleepcap (D:4)
  2 adders
  2 dart slugs (D:3)
  3 orcs (D:3)
  5 endoplasms
  3 giant cockroaches
  11 hobgoblins
  4 jackals
  10 kobolds
  3 quokkas
  6 ball pythons
  5 bats
  A frilled lizard (D:1)
  11 goblins
  5 rats
77 creatures vanquished.

Notes
Turn   | Place    | Note
-------+----------+-------------------------------------------
     0 | D:1      | Schmookums the Troll Gladiator began the quest for the Orb.
     0 | D:1      | Reached XP level 1. HP: 19/19 MP: 0/0
   167 | D:1      | Reached XP level 2. HP: 20/28 MP: 1/1
   808 | D:1      | Reached XP level 3. HP: 33/35 MP: 2/2
   955 | D:2      | Found a faded altar of an unknown god.
  1121 | D:2      | Noticed an ogre
  1176 | D:2      | Killed an ogre
  1177 | D:2      | Reached skill level 4 in Unarmed Combat
  1177 | D:2      | Reached XP level 4. HP: 42/42 MP: 3/3
  1478 | D:3      | Reached XP level 5. HP: 48/49 MP: 4/4
  1483 | D:3      | Found a white marble altar of Elyvilon.
  1641 | D:3      | Found Dydiem's Weapon Shop.
  1701 | D:3      | Identified the +0 falchion of Discomfort {chaos, rF+ rCorr
                  | Str-4}
  2559 | D:4      | Found an ancient bone altar of Kikubaaqudgha.
  2581 | D:4      | Found a staircase to the Ecumenical Temple.
  2590 | D:4      | Reached XP level 6. HP: 56/59 MP: 5/5
  2771 | D:5      | Entered Level 5 of the Dungeon
  3081 | D:5      | Noticed Edmund
  3094 | D:5      | Mangled by Edmund

Illustrated notes

Levels and vault maps discovered:
D:1:      giann_forest_graveyard, layout_basic, due_unseen_surprise
D:2:      layout_rooms, ebering_ecumenical_altar_sacrificial
D:3:      layout_basic, mainiacjoe_overflow_cross_hatched, serial_shops,
          nicolae_shop_just_a_little_nook
D:4:      layout_basic, mainiacjoe_overflow_six_doors_small,
          minmay_temple_entry_trees
D:5:      layout_basic, serial_shops, nicolae_shop_back_alley_shop, uniq_edmund,
          uniq_crazy_yiuf_cottage

Skill      XL: |  1  2  3  4  5 |
---------------+----------------+-----
Throwing       | 2 3 |  3.9
Fighting       | 2 |  2.7
Unarmed Combat | 4 |  4.9
Dodging        | 3 |  3.3

Action                     |  1- 3 |  4- 6 || total
---------------------------+-------+-------++-------
  Melee: Unarmed           |    72 |    91 ||   163
         Punch             |       |     1 ||     1
  Throw: Large rock        |    11 |    16 ||    27
         Throwing net      |     8 |       ||     8
    Use: Scroll            |     3 |     6 ||     9
   Stab: Sleeping          |     1 |       ||     1
 Armour: Robe              |    49 |    49 ||    98
  Dodge: Dodged            |    40 |    47 ||    87

Table legend: (Time is in decaauts)
 A = Elapsed time spent in this place.
 B = Non-inter-level travel time spent in this place.
 C = Inter-level travel time spent in this place.
 D = Time resting spent in this place.
 E = Time spent auto-exploring this place.
 F = Levels seen in this place.
 G = Mean time per level.
                   A        B        C        D        E       F      G
               +--------+--------+--------+--------+--------+-----+--------+
         Total |   3104 |   2135 |    969 |      0 |   1512 |   5 |  620.8 |
       Dungeon |   3104 |   2135 |    969 |      0 |   1512 |   5 |  620.8 |
               +--------+--------+--------+--------+--------+-----+--------+

Top non-repeatable levels by time:
     D:1: 863 daAuts
     D:4: 721 daAuts
     D:3: 600 daAuts
     D:2: 595 daAuts
     D:5: 323 daAuts
